Map: Blackpink LE

Players

Bunny

  • Race: Terran Terran
  • Spawn Location: 7:00

Zest - Winner!

  • Race: Protoss Protoss
  • Spawn Location: 1:00

Event: IEM Season 12 - Katowice

VOD

Have the link to the VOD?

Description

Time

  • Played on: Feb. 27, 2018, 5:06 a.m.
  • Length: 16:01

All games in this series

Show
View Real Time Build Order
Export as new Build Order

Bunny Terran 

Build Orders: MMM Bio 

Get SALT Encoding   

  12  0:00  SCV  
  13  0:12  SCV  
  14  0:17  Supply Depot  
  14  0:25  SCV  
  15  0:38  SCV  
  15  0:40  Barracks  
  16  0:50  SCV  
  17  1:03  SCV  
  18  1:12  Command Center  
  18  1:17  SCV  
  19  1:27  Marine  
  19  1:29  Orbital Command  
  20  1:45  Marine  
  21  1:51  Supply Depot  
  21  1:54  SCV  
  21  2:00  Barracks x2  
  22  2:03  Marine  
  23  2:13  SCV  
  24  2:16  Refinery x2  
  24  2:20  Marine  
  25  2:24  Orbital Command  
  25  2:28  SCV  
  26  2:38  Marine  
  26  2:40  SCV  
  28  2:47  Marine  
  28  2:48  Barracks Tech Lab  
  28  2:50  SCV  
  30  2:52  SCV  
  30  2:57  Marine  
  30  2:58  Bunker  
  32  3:02  SCV  
  32  3:05  SCV, Marine  
  34  3:06  Stimpack, Marine  
  34  3:12  Engineering Bay  
  36  3:14  SCV  
  36  3:17  SCV  
  39  3:25  Supply Depot, Barracks Reactor  
  38  3:27  Barracks Reactor  
  38  3:29  SCV x2  
  40  3:35  Supply Depot  
  40  3:37  Marine  
  40  3:41  SCV x2  
  42  3:43  Terran Infantry Weapons Level 1  
  43  3:53  SCV x2  
  43  3:55  Marine  
  46  3:59  Factory  
  46  4:01  Marine  
  46  4:02  Marine  
  48  4:05  SCV x2  
  48  4:08  Supply Depot  
  50  4:10  Refinery  
  50  4:14  Marine x2  
  50  4:15  Missile Turret, Marine  
  53  4:17  SCV  
  53  4:18  SCV  
  53  4:22  Supply Depot  
  53  4:23  Marine x2  
  57  4:28  Refinery  
  57  4:29  SCV  
  57  4:30  SCV  
  59  4:34  Supply Depot  
  59  4:42  SCV  
  59  4:43  SCV  
  59  4:45  Factory Reactor, Starport  
  61  4:47  Marauder  
  61  4:48  Marine x4  
  67  4:54  Supply Depot  
  67  4:56  SCV x2  
  69  5:03  Supply Depot  
  69  5:06  Marine x2  
  71  5:09  Marauder  
  71  5:11  Combat Shields  
  73  5:15  SCV x2  
  75  5:24  Marine x2  
  75  5:25  Marine x2  
  75  5:27  Medivac x2  
  75  5:28  Factory Reactor  
  83  5:33  Supply Depot  
  83  5:35  Marauder  
  85  5:37  SCV x2  
  86  5:43  Terran Infantry Armor Level 1  
  86  5:48  Supply Depot  
  86  5:52  Command Center  
  86  5:57  Medivac x2  
  86  6:00  Marauder  
  86  6:01  Marine  
  92  6:05  Marine  
  90  6:12  Widow Mine x2  
  90  6:15  SCV  
  90  6:16  SCV  
  95  6:22  Marine, Marauder  
  95  6:23  Marine  
  98  6:30  Viking  
  98  6:31  Viking, Marine x2  
  93  6:43  Marauder  
  93  6:46  Marine, Concussive Shells  
  93  6:47  Marine  
  92  6:49  Marine  
  92  6:54  Marine  
  88  7:01  Widow Mine x2  
  91  7:02  Viking  
  91  7:04  Viking, Marine  
  91  7:05  Marauder  
  96  7:19  Barracks  
  96  7:21  Barracks  
  95  7:23  Marine x4  
  95  7:26  Marauder  
  95  7:29  Supply Depot  
  101  7:32  SCV x2  
  101  7:35  Viking  
  105  7:38  Viking  
  107  7:44  Supply Depot  
  107  7:49  Marine x3  
  107  7:51  Marauder  
  112  7:57  Widow Mine x2  
  116  7:59  SCV  
  116  8:00  SCV  
  116  8:04  Marine  
  119  8:06  Marine x2  
  119  8:10  Missile Turret  
  119  8:12  Marauder  
  127  8:15  Medivac  
  127  8:19  Barracks Tech Lab  
  125  8:20  Barracks Tech Lab  
  125  8:23  Marine x2  
  125  8:25  Widow Mine x2  
  125  8:26  Missile Turret, SCV  
  125  8:27  Missile Turret, SCV  
  133  8:31  Medivac  
  135  8:38  SCV  
  137  8:41  Orbital Command  
  137  8:43  SCV  
  137  8:46  Marauder  
  139  8:57  Marauder  
  141  9:07  Supply Depot x2  
  141  9:19  Marine x2, Medivac x2  
  141  9:20  Marauder  
  141  9:21  Marauder  
  141  9:29  Marauder  
  141  9:33  Marine x2  
  141  9:37  Widow Mine  
  141  9:38  Widow Mine  
  147  9:41  Marauder  
  147  9:42  Marauder  
  143  9:46  SCV x3  
  143  9:49  Viking x2  
  150  9:55  Refinery  
  150  9:56  Refinery  
  150  9:57  Marine x3, Marauder  
  150  9:58  Marine  
  156  10:07  Supply Depot  
  156  10:09  Armory  
  156  10:10  Supply Depot  
  156  10:18  Missile Turret  
  156  10:19  Medivac x2, Marauder x2  
  164  10:32  Marauder  
  164  10:33  Marine x4  
  164  10:34  Liberator  
  170  10:36  Supply Depot  
  170  10:38  Ghost Academy  
  170  10:40  Widow Mine, Marauder x2  
  170  10:41  Liberator  
  170  10:42  Widow Mine  
  167  11:09  Marauder x2  
  167  11:10  Marine x2  
  167  11:11  Marine x2  
  166  11:13  Marine  
  166  11:18  Widow Mine x2  
  98  12:09  Orbital Command  
  95  12:55  Orbital Command  
  95  13:30  Orbital Command  
  95  13:49  Command Center  
  62  15:23  Orbital Command  
  17  15:52  Supply Depot  
Show
View Real Time Build Order
Export as new Build Order

Zest Protoss - Winner!

Build Orders: 1 Gate Expand, Colossus Rush 

Get SALT Encoding   

  12  0:00  Probe  
  13  0:13  Probe  
  14  0:17  Pylon  
  14  0:25  Probe (Chrono Boost)  
  15  0:37  Probe (Chrono Boost), Gateway  
  16  0:44  Probe (Chrono Boost)  
  16  0:46  Assimilator  
  17  0:51  Probe  
  18  1:03  Probe  
  19  1:15  Probe  
  20  1:23  Nexus  
  20  1:31  Cybernetics Core  
  20  1:34  Probe  
  20  1:39  Assimilator  
  21  1:46  Probe  
  22  1:49  Pylon  
  22  1:58  Probe  
  23  2:05  Adept (Chrono Boost)  
  23  2:08  Warp Gate  
  25  2:10  Probe  
  26  2:17  Robotics Facility  
  26  2:23  Probe  
  26  2:28  Stalker  
  29  2:35  Probe x2 (Chrono Boost)  
  33  2:45  Probe x2 (Chrono Boost)  
  33  2:50  Probe x2 (Chrono Boost)  
  33  2:58  Stalker  
  37  3:05  Probe x2, Observer (Chrono Boost)  
  40  3:10  Gateway  
  40  3:12  Gateway  
  40  3:17  Probe x2  
  42  3:20  Observer (Chrono Boost)  
  42  3:27  Pylon  
  43  3:29  Probe x2  
  43  3:33  Assimilator  
  46  3:41  Probe  
  46  3:43  Robotics Bay  
  46  3:45  Probe, Pylon  
  48  3:48  Observer (Chrono Boost)  
  48  3:54  Probe  
  49  3:57  Probe  
  49  4:01  Warp Prism (Chrono Boost)  
  50  4:03  Assimilator  
  50  4:06  Probe  
  50  4:09  Probe  
  54  4:11  Pylon  
  54  4:23  Probe x2  
  56  4:27  Pylon  
  56  4:29  Shield Battery  
  56  4:30  Colossus (Chrono Boost)  
  56  4:34  Sentry  
  56  4:35  Zealot x2  
  56  4:37  Pylon  
  68  4:47  Observer  
  68  4:50  Probe x2  
  68  4:52  Extended Thermal Lance  
  70  5:11  Adept x3  
  75  5:15  Colossus (Chrono Boost)  
  75  5:17  Nexus  
  81  5:24  Pylon  
  81  5:35  Gateway  
  81  5:36  Gateway  
  81  5:37  Gateway  
  81  5:46  Sentry  
  81  5:47  Sentry  
  81  5:48  Stalker  
  87  5:53  Pylon  
  87  5:58  Pylon  
  87  6:04  Colossus (Chrono Boost)  
  93  6:11  Stalker  
  93  6:12  Stalker x2  
  99  6:32  Adept x3  
  90  6:43  Adept x3  
  96  6:49  Observer (Chrono Boost)  
  95  6:58  Probe x2  
  85  7:13  Probe x2  
  85  7:15  Probe  
  88  7:24  Stalker x6  
  88  7:25  Probe x2  
  102  7:34  Probe  
  104  7:37  Probe  
  104  7:39  Immortal (Chrono Boost)  
  104  7:42  Probe  
  109  7:46  Probe  
  109  7:49  Probe  
  111  7:54  Probe  
  111  7:58  Probe  
  113  8:01  Probe  
  113  8:03  Twilight Council  
  114  8:06  Probe  
  114  8:10  Probe  
  116  8:14  Observer  
  116  8:17  Probe  
  116  8:18  Probe  
  118  8:22  Immortal  
  118  8:26  Probe  
  123  8:27  Pylon  
  123  8:28  Pylon  
  123  8:29  Probe  
  123  8:30  Probe  
  124  8:35  Observer  
  124  8:37  Charge (Chrono Boost)  
  124  8:39  Assimilator  
  124  8:41  Assimilator  
  124  8:42  Templar Archives  
  124  9:00  Zealot  
  124  9:01  Zealot x5  
  136  9:08  Probe x3, Pylon  
  137  9:23  Psionic Storm  
  137  9:44  High Templar x2  
  139  9:48  Stalker  
  139  9:49  Stalker  
  139  9:51  High Templar x2  
  139  9:52  Warp Prism (Chrono Boost)  
  147  9:54  Gateway  
  147  9:55  Gateway  
  147  9:58  Gateway  
  149  10:01  Gateway  
  149  10:03  Pylon  
  149  10:06  Pylon  
  149  10:13  Observer  
  149  10:21  Probe x3, Pylon  
  149  10:22  Pylon  
  149  10:25  High Templar x3  
  149  10:26  High Templar  
  149  10:27  Sentry  
  149  10:28  Sentry  
  164  10:37  Nexus  
  164  10:38  Pylon  
  164  10:41  Pylon  
  164  10:43  Pylon  
  164  10:49  Probe x3  
  167  10:53  High Templar x2  
  167  10:54  High Templar  
  173  10:58  Zealot x5  
  173  11:03  Archon  
  181  11:05  Zealot x2  
  115  11:43  Nexus  
  115  11:44  Pylon  
  115  11:53  Observer  
  115  11:55  Observer  
  114  12:23  Observer  
  110  13:18  Pylon  
  110  13:20  Pylon  
  110  13:22  Pylon  
  108  13:54  Pylon  
  108  13:58  Pylon  
  108  14:11  Pylon  
  108  14:13  Pylon  
  108  14:14  Pylon  
  77  14:40  Observer  
  77  14:43  Pylon  
  75  14:55  Observer  
  75  14:57  Pylon  
  75  14:58  Gateway  
  75  15:07  Pylon  
  61  15:45  Archon  
  61  15:46  Archon  
  61  15:51  Cybernetics Core  
  61  15:54  Assimilator  
  61  15:56  Assimilator  
  61  15:57  Zealot  

Tags
 
Add a new tag
Caveats
  • Supply blocks, unpowered buildings, or Contaminate may cause inaccurate times.
  • Supply counts are checked every 10 seconds.